 Dungeon Crawl Stone Soup version 0.22-a0-425-g89d60a1 (webtiles) character file.

17 Gorglomux the Ducker (level 2, -5/16 HPs)
             Began as a Spriggan Berserker on May 24, 2018.
             Slain by a polar bear (21 damage)
             ... created by the rage of Trog
             ... on level 1 of the Dungeon.
             The game lasted 00:01:20 (461 turns).

Gorglomux the Ducker (Spriggan Berserker)            Turns: 461, Time: 00:01:21

Health: -5/16      AC:  2    Str: 13    XL:     2   Next: 44%
Magic:  3/3        EV: 20    Int:  8    God:
Gold:   65         SH:  0    Dex: 15    Spells: 1/1 levels left

rFire    + . .     SeeInvis +     - Unarmed
rCold    + . .     Gourm    .   (shield restricted)
rNeg     . . .     Faith    .   a - +0 animal skin
rPois    +         Spirit   .   (helmet restricted)
rElec    +         Reflect  .   (no cloak)
rCorr    +         Harm     .   (gloves unavailable)
MR       .....                  (boots unavailable)
Stlth    +.........             d - amulet of magic regeneration
HPRegen  0.05/turn              (no ring)
MPRegen  0.33/turn              (no ring)

@: resistant, very quick
A: very small, unfitting armour, see invisible, herbivore, speed 3, slow
metabolism 2
a: no special abilities


You were on level 1 of the Dungeon.
You were not hungry.

You visited 1 branch of the dungeon, and saw 1 of its levels.

You collected 65 gold pieces.

Inventory:

Armour
 a - a +0 animal skin (worn)
Jewellery
 d - an amulet of magic regeneration (around neck)
Comestibles
 b - a ration


   Skills:
 - Level 2.4 Fighting
 + Level 5.1 Dodging
 + Level 2.8 Unarmed Combat


You had one spell level left.
You didn't know any spells.
Your spell library was empty.

Dungeon Overview and Level Annotations

Branches:
Dungeon (1/15)

Altars:


Innate Abilities, Weirdness & Mutations

You are very small and have problems with some larger weapons.
You are too small for most types of armour.
You have supernaturally acute eyesight. (SInv)
You are a herbivore.
You cover ground extremely quickly.
You need to consume almost no food.


Message History

No target in view!!!
You now have 48 gold pieces (gained 14)!
You butt have 65 gold pieces (gained 17)!
Trog sends monsters to punish you!
A polar bear and 2 black bears come into view!
There are monsters nearby!!!
There are monsters nearby!!!
You aren't carrying any scrolls!
Okay, then!
The black bear moves out of view!
It was a potion of resistance!
You feel protected!
The polar bear misses you! x2; The polar bear misses butt!
You hear a bark!!! x2
You hear a bark!!!
You hear a bark!!!
You aren't carrying any scrolls!
You swing at nothing!
The polar bear bites you!!!!!!
DANG rip

..
..............#####
..
..............##. .
.................#
.......h##########
########..h....#
#h#####.# #.h.h.#
#####h# #@# ###


You could see a polar bear (berserk) and a black bear (berserk).

Vanquished Creatures
  A leopard gecko (D:1)
  5 bats (D:1)
  3 hobgoblins (D:1)
  A jackal (D:1)
  2 kobolds (D:1)
  A ball python (D:1)
  2 rats (D:1)
15 creatures vanquished.

Notes
Turn   | Place    | Note
-------+----------+-------------------------------------------
     0 | D:1      | Gorglomux the Spriggan Berserker began the quest for the Orb.
     0 | D:1      | Reached XP level 1. HP: 11/11 MP: 2/2
     0 | D:1      | Fell from the grace of Trog
   156 | D:1      | Reached XP level 2. HP: 13/16 MP: 3/3
   229 | D:1      | Reached skill level 5 in Dodging
   455 | D:1      | Noticed a polar bear
   455 | D:1      | Noticed a black bear
   455 | D:1      | Noticed a black bear
   461 | D:1      | Slain by a polar bear

Vault maps used:
D:1:      lemuel_arrival_muddy, hangedman_feature_mirror, minmay_tiny_reverse_x

Skill      XL: |  1  2 |
---------------+-------+-----
Dodging        | 5 |  5.1
Fighting       | |  2.4
Unarmed Combat | |  2.8

Action                   || total
-------------------------++-------
Melee: Unarmed           ||    77
       Punch             ||     1
Invok: Renounce Religion ||     1
  Use: Potion            ||     1
Armor: Animal skin       ||    15
Dodge: Dodged            ||    75

Table legend:
 A = Spawn XP
 B = Non-spawn XP
 C = Spawn XP percentage of total XP
 D = Spawn monster count
 E = Non-spawn monster count
 F = Spawn count percentage of total count
 G = Total turns spent on level
                    A         B        C        D         E        F      G
               +---------+---------+-------+---------+---------+-------+---------
         Total |       0 |      25 |   0.0 |       0 |      15 |   0.0 |   461
               +---------+---------+-------+---------+---------+-------+---------
           D:1 |       0 |      25 |   0.0 |       0 |      15 |   0.0 |   461
               +---------+---------+-------+---------+---------+-------+---------
